AoeStats
← qqta12

Arena

504893713Analyzed
3v3 RM · 26d ago on Sep 7, 2026· 54m 7s· 6 players
Game mode
Random Map
Map size
Normal (6 player)
Population
200
Speed
Normal
Resources
Standard
Victory
Conquest
Starting age
Dark Age
Ending age
Imperial Age
RankedLock teamsTeams togetherTeam positionsShared explorationLock speedFull tech treeHidden civsTurbo modeCheats
Victory
Defeat
🇺🇸 Goths · United States
935
+17
🇺🇸 Britons · United States
906
+19
🇦🇷 Ethiopians · Argentina
874
+26
🇧🇷 Bohemians · Brazil
1096
-24
🇨🇴 Spanish · Colombia
914
-48
🇧🇷 Maya · Brazil
881
-41
el_bate
2:33 Loom
9:37 Feudal Age
18:38 Castle Age
16:31 Gold Mining
16:42 Double-Bit Axe
16:57 Horse Collar
18:16 Fletching
19:40 Bow Saw
19:32 Scale Mail Armor
20:58 Heavy Plow
20:56 Elite Skirmisher
27:38 Wheelbarrow
27:37 Padded Archer Armor
27:48 Forging
29:43 Squires
29:41 Bodkin Arrow
34:19 Imperial Age
36:07 Two-Man Saw
35:25 Hand Cart
35:20 Bracer
37:20 Forging
38:07 Halberdier
39:03 Arson
39:35 Chain Mail Armor
39:56 Iron Casting
40:03 Gold Shaft Mining
39:20 Stone Mining
41:22 Conscription
41:38 Plate Mail Armor
42:03 Stone Shaft Mining
43:36 Ballistics
46:43 Blast Furnace
47:27 Scale Barding Armor
48:01 Leather Archer Armor
47:40 Light Cavalry
48:20 Husbandry
48:27 Hussar
49:41 Ring Archer Armor
50:25 Chemistry
51:58 Chain Barding Armor
ThrobbinWood
7:24 Loom
11:45 Feudal Age
18:59 Castle Age
16:51 Double-Bit Axe
21:39 Bow Saw
23:41 Fletching
26:33 Bodkin Arrow
27:54 Town Watch
29:51 Padded Archer Armor
31:01 Wheelbarrow
33:00 Leather Archer Armor
33:12 Hand Cart
35:10 Ballistics
37:22 Imperial Age
34:59 Murder Holes
35:24 Masonry
38:49 Bracer
39:19 Ring Archer Armor
39:23 Architecture
38:46 Horse Collar
40:11 Two-Man Saw
40:23 Chemistry
40:47 Conscription
40:27 Gold Mining
41:17 Siege Engineers
40:53 Treadmill Crane
41:16 Heavy Plow
41:56 Elite Longbowman
43:06 Yeomen
43:04 Capped Ram
JocZilla
0:32 Loom
14:11 Feudal Age
15:59 Double-Bit Axe
15:57 Horse Collar
18:18 Castle Age
30:11 Gold Mining
30:15 Stone Mining
31:36 Wheelbarrow
40:03 Imperial Age
43:25 Pikeman
45:05 Heavy Plow
48:00 Gold Mining
53:12 Crop Rotation
rsegoviab
0:27 Loom
10:09 Feudal Age
10:42 Double-Bit Axe
18:44 Castle Age
17:11 Fletching
17:10 Horse Collar
18:18 Gold Mining
18:48 Crossbowman
19:36 Heavy Plow
19:56 Bow Saw
20:07 Bodkin Arrow
22:34 Wheelbarrow
26:11 Hand Cart
26:05 Town Watch
27:08 Thumb Ring
27:26 Town Patrol
28:14 Eagle Warrior
31:29 Forging
31:34 Scale Mail Armor
32:28 Squires
33:20 Chain Mail Armor
36:25 Iron Casting
38:51 Padded Archer Armor
43:58 Imperial Age
47:04 Crop Rotation
46:15 Elite Skirmisher
47:53 Arbalester
49:48 Elite Skirmisher
qqta12
11:22 Feudal Age
13:05 Loom
15:39 Castle Age
13:57 Double-Bit Axe
15:45 Horse Collar
32:35 Wheelbarrow
31:45 Town Watch
34:24 Chemistry
37:59 Imperial Age
36:56 Padded Archer Armor
36:57 Scale Mail Armor
38:28 Leather Archer Armor
37:40 Pikeman
39:14 Conscription
44:13 Ring Archer Armor
48:27 Elite Skirmisher
48:59 Fletching
49:31 Ballistics
sr don dr
11:32 Feudal Age
14:45 Horse Collar
15:04 Town Watch
20:12 Castle Age
18:26 Town Watch
24:00 Stone Mining
25:46 Husbandry
26:23 Heavy Plow
27:40 Scale Barding Armor
31:48 Gold Mining
36:31 Chain Barding Armor
40:39 Coinage
41:02 Forging
45:08 Scale Mail Armor
50:16 Imperial Age
49:31 Town Patrol
52:03 Imperial Age
Connection lost

Rejoining the realm…

Still unreachable

The connection could not be restored.

Session expired

The server has moved on; the page needs a fresh start.